Map: Catalyst LE

Players

SeRpent

  • Race: Zerg Zerg
  • League: Diamond
  • Spawn Location: 11:00

Redeagl - Winner!

  • Race: Zerg Zerg
  • League: Diamond
  • Spawn Location: 5:00

VOD

https://www.youtube.com/watch?v=qJ3IrEIEJrE

Description

Time

  • Played on: Jan. 30, 2018, 2:18 p.m.
  • Length: 9:22
Show
View Real Time Build Order
Export as new Build Order

SeRpent Zerg 

Build Orders: Hatch First 

Get SALT Encoding   

  12  0:01  Drone  
  13  0:15  Overlord  
  13  0:17  Drone  
  14  0:33  Drone x2  
  16  0:37  Drone  
  17  0:55  Hatchery  
  16  0:58  Drone  
  16  1:01  Extractor  
  16  1:03  Drone  
  17  1:17  Spawning Pool  
  16  1:20  Drone  
  16  1:25  Drone  
  18  1:31  Drone  
  19  1:42  Overlord  
  19  1:55  Drone  
  20  2:03  Metabolic Boost  
  20  2:04  Queen  
  20  2:07  Zergling x2  
  23  2:10  Queen  
  25  2:16  Zergling x2  
  25  2:20  Drone x2  
  28  2:36  Baneling Nest, Drone x2  
  29  2:37  Drone  
  30  2:52  Overlord  
  30  3:01  Zergling x8  
  34  3:07  Evolution Chamber, Drone  
  33  3:18  Drone x4  
  37  3:21  Baneling x2  
  37  3:24  Baneling x2  
  37  3:29  Drone x3  
  37  3:30  Drone  
  40  3:55  Overlord  
  40  3:57  Overlord  
  40  4:02  Zerg Ground Armor Level 1  
  40  4:04  Zergling x8  
  44  4:17  Baneling  
  44  4:21  Hatchery  
  43  4:25  Baneling  
  43  4:41  Drone x5  
  43  4:42  Drone x3  
  43  4:43  Zergling x4  
  53  4:58  Extractor  
  52  5:00  Drone  
  52  5:01  Roach Warren  
  52  5:05  Extractor, Drone x3  
  52  5:06  Drone  
  52  5:07  Drone  
  56  5:08  Drone  
  56  5:10  Zergling x4  
  58  5:23  Zergling x2  
  59  5:34  Lair  
  59  5:35  Overlord x3  
  59  5:38  Zergling x6  
  59  5:39  Zergling x4  
  64  5:43  Baneling x4  
  64  5:48  Baneling x6  
  64  5:49  Baneling, Zergling x2  
  65  5:55  Drone x2  
  65  5:56  Drone x3  
  70  6:08  Zergling x2  
  70  6:09  Zergling x16  
  77  6:21  Drone  
  77  6:22  Queen, Drone x2  
  77  6:24  Zerg Missile Weapons Level 1  
  80  6:27  Extractor  
  80  6:28  Drone x3  
  82  6:39  Drone x2  
  85  6:40  Drone, Glial Reconstitution  
  81  6:58  Roach  
  81  6:59  Roach x5  
  89  7:02  Overlord x2  
  89  7:08  Overlord x4  
  89  7:16  Spine Crawler  
  89  7:17  Spine Crawler x2  
  89  7:18  Spine Crawler  
  85  7:25  Roach  
  85  7:26  Roach x6  
  85  7:29  Ravager x4  
  98  7:30  Ravager  
  98  7:31  Overlord x3  
  99  7:39  Hatchery  
  96  7:47  Roach x4  
  96  7:51  Roach  
  103  8:03  Roach x4  
  105  8:12  Roach x3  
  105  8:22  Roach x2  
  98  8:34  Roach x2  
  98  8:39  Roach  
  98  8:40  Roach x3  
  99  8:46  Roach  
  99  8:47  Roach  
  97  8:52  Roach  
  97  8:53  Roach x3  
  99  8:59  Roach x2  
Show
View Real Time Build Order
Export as new Build Order

Redeagl Zerg - Winner!

Build Orders: Hatch First 

Get SALT Encoding   

  12  0:01  Drone  
  13  0:13  Overlord  
  13  0:17  Drone  
  14  0:31  Drone  
  14  0:32  Drone  
  14  0:35  Drone  
  17  0:45  Drone  
  18  0:57  Hatchery  
  18  0:59  Extractor  
  18  1:00  Drone  
  17  1:15  Spawning Pool  
  17  1:17  Drone  
  17  1:21  Drone  
  18  1:29  Drone  
  19  1:41  Drone  
  20  1:50  Overlord  
  20  2:01  Metabolic Boost  
  20  2:07  Queen  
  22  2:09  Queen  
  22  2:11  Drone x2  
  22  2:13  Drone  
  27  2:24  Zergling x4  
  29  2:31  Zergling x2  
  29  2:34  Drone  
  31  2:41  Drone  
  31  2:42  Hatchery  
  31  2:44  Drone  
  32  2:52  Overlord  
  32  2:58  Zergling x2  
  33  3:05  Drone x2  
  35  3:10  Roach Warren  
  34  3:16  Zergling x2  
  34  3:18  Drone x3  
  34  3:19  Drone x2  
  40  3:23  Overlord, Extractor  
  39  3:32  Overlord  
  39  3:37  Drone x3  
  42  3:46  Overlord  
  42  3:50  Drone x2  
  42  3:51  Drone  
  42  3:53  Lair  
  45  3:57  Drone x2  
  48  4:02  Drone  
  48  4:04  Roach  
  48  4:05  Roach  
  48  4:07  Roach  
  54  4:10  Roach  
  54  4:15  Drone x3  
  59  4:20  Roach  
  59  4:21  Roach  
  63  4:25  Drone x2  
  63  4:27  Drone x2  
  63  4:30  Roach  
  69  4:35  Queen  
  71  4:39  Roach  
  71  4:42  Overlord  
  73  4:46  Overlord  
  73  4:50  Glial Reconstitution  
  73  4:53  Overlord x2  
  73  4:57  Overlord  
  73  5:01  Roach x3  
  73  5:04  Roach  
  81  5:10  Spine Crawler  
  81  5:12  Spine Crawler  
  79  5:15  Roach x2  
  79  5:16  Roach  
  79  5:21  Drone x2  
  86  5:22  Drone  
  86  5:27  Extractor  
  87  5:33  Roach x4  
  95  5:36  Evolution Chamber  
  95  5:38  Overlord  
  95  5:39  Overlord  
  94  5:45  Drone  
  94  5:47  Roach  
  94  5:48  Roach x2  
  101  5:50  Drone  
  101  5:54  Overlord x2  
  102  5:58  Roach  
  102  5:59  Roach  
  106  6:05  Zerg Missile Weapons Level 1  
  106  6:09  Drone x3  
  106  6:10  Overlord  
  109  6:13  Roach x2  
  108  6:22  Roach x3  
  108  6:25  Roach  
  116  6:31  Drone  
  116  6:32  Extractor  
  116  6:35  Roach x3  
  116  6:36  Roach  
  116  6:38  Overlord  
  116  6:39  Overlord  
  124  6:45  Roach x2  
  124  6:46  Roach  
  130  6:55  Roach x3  
  136  7:01  Roach  
  136  7:02  Roach  
  136  7:04  Drone x4  
  136  7:07  Overlord x3  
  144  7:10  Drone x2  
  144  7:12  Overlord  
  146  7:19  Roach  
  146  7:20  Roach x2  
  152  7:28  Roach x2  
  152  7:29  Roach x3  
  162  7:36  Roach x3  
  162  7:37  Roach  
  170  7:39  Drone  
  170  7:40  Drone  
  172  7:47  Roach x4  
  180  7:51  Drone x2  
  180  7:55  Drone x2  
  184  8:02  Roach x4  
  174  8:12  Roach x2  
  174  8:13  Roach  
  172  8:20  Roach x3  
  176  8:27  Roach x5  
  176  8:28  Roach x2  
  176  8:30  Drone x2  
  176  8:31  Drone  
  175  8:39  Roach x2  
  169  8:46  Roach x2  
  165  8:50  Roach  
  159  8:56  Roach x2  
  159  9:01  Roach  
Tags
 
Add a new tag
Caveats
  • Supply blocks, unpowered buildings, or Contaminate may cause inaccurate times.
  • Supply counts are checked every 10 seconds.